 Dungeon Sprint DCSS version 0.31-a0-986-g5e6e4ef867 (webtiles) character file.

Game seed: 8536874647184628101

272790 dialectric the Ninja (level 12, 66/71 HPs)
             Began as a Spriggan Brigand on Nov 7, 2023.
             Was the Champion of Dithmenos.
             Escaped with the Orb!
             The game lasted 00:13:02 (2151 turns).

dialectric the Ninja (Spriggan Brigand)             Turns: 2151, Time: 00:13:03

Health: 66/71      AC: 18    Str: 11    XL:     12   Next: 30%
Magic:  34/34      EV: 16    Int: 13    God:    Dithmenos [******]
Gold:   804        SH:  0    Dex: 21    Spells: 46/46 levels left

rFire   . . .        m - +1 short sword (venom)
rCold   . . .        (no shield)
rNeg    . . .        y - +5 shadow dragon scales "Winoat" {Str+4 Stlth++++}
rPois   .            u - +1 hat
rElec   .            c - +0 cloak
rCorr   .            (gloves unavailable)
SInv    +            (boots unavailable)
Will    +++..        (no amulet)
Stlth   +++++++      (no ring)
HPRegen 0.31/turn    (no ring)
MPRegen 0.24/turn

%: no teleportation
@: enlightened, flying (expiring), wreathed by umbra, very quick
A: very small, no large weapons, unfitting armour, see invisible, speed 3
0: Orb of Zot
a: Renounce Religion, Shadow Step, Shadow Form


You escaped.
You worshipped Dithmenos.
Dithmenos was exalted by your worship.
You visited 1 branch You collected 3126 gold pieces.
You spent 2322 gold pieces at shops.

Inventory:

Hand Weapons
 a - a +2 dagger
 m - a +1 short sword of venom (weapon)
Missiles
 d - 14 poisoned darts
 e - 8 curare-tipped darts (quivered)
 s - 3 atropa-tipped darts
Armour
 b - a +0 robe
 c - a +0 cloak (worn)
 u - a +1 hat (worn)
 y - the +5 shadow dragon scales "Winoat" (worn) {Str+4 Stlth++++}
   (You bought it in a shop in the Dungeon)

   Str+4:     It affects your strength (+4).
   Stlth++++: It makes you much more stealthy.
Jewellery
 j - a ring of wizardry
Wands
 v - a wand of roots (8)
 w - a wand of digging (4)
Scrolls
 k - 2 scrolls of blinking
 l - a scroll of enchant weapon {unknown}
 o - 2 scrolls of identify {unknown}
Potions
 f - 2 potions of curing
 g - a potion of heal wounds
 h - a potion of haste
 i - 3 potions of magic
 n - 2 potions of berserk rage
 p - a potion of mutation {unknown}
 r - a potion of invisibility
 t - a potion of brilliance {unknown}
 x - a potion of enlightenment
Miscellaneous
 q - a phantom mirror


   Skills:
 + Level 11.8 Fighting
 - Level 14.1 Short Blades
 - Level 2.5 Throwing
 + Level 15.7 Dodging
 O Level 27 Stealth
 * Level 17.5 Spellcasting
 + Level 1.5 Invocations


You had 46 spell levels left.
You didn't know any spells.
Your spell library was empty.

Dungeon Overview and Level Annotations

Branches:
Dungeon (1/1)

Altars:
Cheibriados
Dithmenos
Elyvilon
Fedhas
Gozag
Hepliaklqana
Kikubaaqudgha
Makhleb
Nemelex Xobeh
Okawaru
Qazlal
Ru
Sif Muna
Trog
Uskayaw
Vehumet
Wu Jian
Xom
Yredelemnul
Zin
The Shining One
Jiyva
Lugonu

Shops:
D *:[[*?[=*(!*([[[[[

Annotations:
D Tiamat


Innate Abilities, Weirdness & Mutations

You are very small and have problems with some larger weapons.
You are too small for most types of armour.
You have supernaturally acute eyesight. (SInv)
You cover ground extremely quickly. (Speed+++)


Message History

Aiming: Dig
Press: ? - help, Shift-Dir - straight line An iron grate.
This square is wreathed by an umbra.
The damaged grate falls apart.
Unknown command.
Unknown command.
Why would you want to do that?
You feel very buoyant.
You fly up into the air.
You see here the Orb of Zot.
You see here the Orb of Zot.
You pick up the Orb of Zot!
The Orb lets out a hideous shriek!
The lords of Pandemonium are not amused.
Beware!
Now all you have to do is get back out of the dungeon!
You hear a roar!
You see here a +2 great sword of flaming.
There is an open door here.
The daeva calls down the wrath of the Shining One upon you.
The Shining One smites you!
You emit a cloud of dark smoke.
There is an open door here.
There is an open door, spattered with blood here.
There is an open door here.
There is an open door here.
There is an open door here.
There is an open door here.
There is an open door here.
You reach down and open the door.
There is an open door here.
Things that are here:
a +0 robe; a +0 scythe
There is an open door here.
The slime creature quivers.
You see here a +0 giant club.
There is an open door here.
You are starting to lose your buoyancy.
There is an open door here.
There is a staircase leading out of the dungeon here.
You can't go down here!
You have escaped!

##################
#@.#.['..#.['..#__
#..J..#.)'..#..'..
#..#####'#####'#__
#..####..#...#.###
#..#__####..##)#§~
#..#_____##'#_.'~~
#⌠⌠#_.∩...'..._#§~
####_..__##_.#'##'
#_____###+#.#..


You could see a slime creature.

Vanquished Creatures
  A golden dragon (D)
  A shadow dragon (D)
  4 fire giants (D)
  A hydra (D)
  2 centaur warriors (D)
  2 demonic crawlers (D)
  Sonja (D)
  A deep troll (D)
  A lindwurm (D)
  An oklob plant (D)
  3 shining eyes (D)
  7 unseen horrors (D)
  2 kobold demonologists (D)
  A hornet (D)
  5 glass eyes (D)
  Sigmund (D)
  A yak (D)
  13 hogs (D)
  2 redbacks (D)
  An ogre (D)
  7 necrophages (D)
  8 jellies (D)
  Ijyb (D)
  A ballistomycete spore (D)
68 creatures vanquished.

Vanquished Creatures (others)
  A ballistomycete spore (D)
1 creature vanquished.

Grand Total: 69 creatures vanquished

Notes
Turn   | Place    | Note
-------+----------+-------------------------------------------
     0 | D        | dialectric the Spriggan Brigand began the quest for the
                  | Orb.
     0 | D        | Reached XP level 1. HP: 10/10 MP: 2/2
     2 | D        | Noticed Ijyb
    17 | D        | Killed Ijyb
    18 | D        | Reached skill level 9 in Stealth
    18 | D        | Reached XP level 2. HP: 8/15 MP: 3/3
    55 | D        | Noticed an ogre
    57 | D        | Killed an ogre
    58 | D        | Reached skill level 13 in Stealth
    58 | D        | Reached XP level 3. HP: 19/19 MP: 4/4
    58 | D        | Reached XP level 4. HP: 23/23 MP: 5/5
    68 | D        | Noticed Sigmund
    70 | D        | Killed Sigmund
    71 | D        | Reached skill level 5 in Short Blades
    71 | D        | Reached skill level 16 in Stealth
    71 | D        | Reached XP level 5. HP: 29/29 MP: 6/6
    71 | D        | Reached XP level 6. HP: 33/33 MP: 7/7
    84 | D        | Found a shimmering blue altar of Sif Muna.
    85 | D        | Found an ornate altar of the Wu Jian Council.
    86 | D        | Found a radiant altar of Vehumet.
    91 | D        | Reached skill level 17 in Stealth
   120 | D        | Found Kopitur's Book Emporium.
   120 | D        | Found an ancient bone altar of Kikubaaqudgha.
   120 | D        | Found a hazy altar of Hepliaklqana.
   120 | D        | Found a stormy altar of Qazlal.
   120 | D        | Found a hide-covered altar of Uskayaw.
   120 | D        | Found a blossoming altar of Fedhas.
   120 | D        | Found a bloodstained altar of Trog.
   120 | D        | Found an iron altar of Okawaru.
   120 | D        | Found a basalt altar of Yredelemnul.
   120 | D        | Found a glowing golden altar of the Shining One.
   120 | D        | Found a snail-covered altar of Cheibriados.
   120 | D        | Found a sacrificial altar of Ru.
   120 | D        | Found a glowing silver altar of Zin.
   120 | D        | Found a shadowy altar of Dithmenos.
   120 | D        | Found a white marble altar of Elyvilon.
   120 | D        | Noticed a yak
   121 | D        | Found an opulent altar of Gozag.
   122 | D        | Killed a yak
   123 | D        | Reached skill level 18 in Stealth
   123 | D        | Found a sparkling altar of Nemelex Xobeh.
   129 | D        | Became a worshipper of Dithmenos the Shadowed
   145 | D        | Found a burning altar of Makhleb.
   145 | D        | Found a shimmering altar of Xom.
   145 | D        | Noticed a slime creature
   146 | D        | Found a viscous altar of Jiyva.
   146 | D        | Found a corrupted altar of Lugonu.
   278 | D        | Noticed a kobold demonologist
   279 | D        | Noticed a glass eye
   279 | D        | Noticed a kobold demonologist
   281 | D        | Killed a glass eye
   282 | D        | Reached skill level 20 in Stealth
   282 | D        | Reached XP level 7. HP: 38/38 MP: 8/8
   282 | D        | Killed a kobold demonologist
   283 | D        | Reached skill level 5 in Fighting
   283 | D        | Reached skill level 21 in Stealth
   284 | D        | Killed a kobold demonologist
   284 | D        | Reached * piety under Dithmenos
   285 | D        | Reached skill level 22 in Stealth
   285 | D        | Reached XP level 8. HP: 43/43 MP: 9/9
   301 | D        | Noticed Sonja
   305 | D        | Killed Sonja
   306 | D        | Reached skill level 24 in Stealth
   323 | D        | Found Tujarghip's General Store.
   334 | D        | Noticed a glass eye
   334 | D        | Noticed a shining eye
   334 | D        | Noticed a glass eye
   334 | D        | Noticed a shining eye
   334 | D        | Noticed a shining eye
   335 | D        | Noticed a shining eye
   335 | D        | Noticed a shining eye
   335 | D        | Noticed a shining eye
   335 | D        | Noticed a glass eye
   336 | D        | Killed a glass eye
   337 | D        | Noticed a glass eye
   337 | D        | Noticed a shining eye
   337 | D        | Noticed a shining eye
   338 | D        | Killed a shining eye
   338 | D        | Reached ** piety under Dithmenos
   339 | D        | Reached skill level 25 in Stealth
   339 | D        | Reached XP level 9. HP: 48/48 MP: 10/10
   341 | D        | Killed a shining eye
   342 | D        | Reached skill level 26 in Stealth
   345 | D        | Killed a shining eye
   346 | D        | Reached skill level 10 in Short Blades
   346 | D        | Reached skill level 5 in Dodging
   346 | D        | Reached skill level 27 in Stealth
   371 | D        | Noticed a deep troll
   375 | D        | Killed a deep troll
   375 | D        | Reached *** piety under Dithmenos
   387 | D        | Found Duuvuonk's Armour Emporium.
   410 | D        | Noticed a centaur warrior
   410 | D        | Noticed a centaur warrior
   414 | D        | Killed a centaur warrior
   415 | D        | Reached skill level 5 in Spellcasting
   415 | D        | Reached XP level 10. HP: 55/55 MP: 10/18
   415 | D        | Killed a centaur warrior
   438 | D        | Noticed an oklob plant
   440 | D        | Killed an oklob plant
   440 | D        | Reached **** piety under Dithmenos
   484 | D        | Reached ***** piety under Dithmenos
   487 | D        | Reached skill level 10 in Spellcasting
   556 | D        | Noticed a demonic crawler
   556 | D        | Noticed a demonic crawler
   556 | D        | Noticed a demonic crawler
   556 | D        | Noticed a demonic crawler
   615 | D        | Found Hean's Armour Boutique.
   615 | D        | Found Pewkanna's Armour Emporium.
   615 | D        | Found Qioqe's Antique Armour Emporium.
   617 | D        | Found Joydium's Weapon Boutique.
   617 | D        | Found Fisao's Assorted Antiques.
   617 | D        | Found Dyjijon's Distillery.
   617 | D        | Found Voymilaf's Antique Weapon Emporium.
   617 | D        | Found Eprat's Assorted Antiques.
   617 | D        | Found Axamm's Jewellery Shoppe.
   617 | D        | Found Xeniyc Ofeix's Armour Shop.
   636 | D        | Reached ****** piety under Dithmenos
   669 | D        | Found Iggebom's Antique Armour Shoppe.
   669 | D        | Found Diapuaf's Antique Armour Shop.
   669 | D        | Found Lazat's Assorted Antiques.
   671 | D        | Found Rohierits's Magic Scroll Emporium.
   755 | D        | Bought a potion of invisibility for 96 gold pieces
   846 | D        | Killed a demonic crawler
   867 | D        | Noticed a lindwurm
   871 | D        | Killed a lindwurm
   872 | D        | Reached XP level 11. HP: 57/60 MP: 27/27
  1205 | D        | Noticed a 12-headed hydra
  1207 | D        | Killed a 12-headed hydra
  1208 | D        | Reached skill level 10 in Dodging
  1331 | D        | Noticed a shadow dragon
  1331 | D        | Noticed a golden dragon
  1335 | D        | Killed a golden dragon
  1336 | D        | Reached skill level 10 in Fighting
  1336 | D        | Killed a shadow dragon
  1337 | D        | Reached skill level 15 in Spellcasting
  1394 | D        | Found Atwor's Antique Armour Shoppe.
  1505 | D        | Bought a runed hat for 217 gold pieces
  1561 | D        | Noticed a daeva
  1578 | D        | Noticed a fire giant
  1579 | D        | Noticed a fire giant
  1579 | D        | Noticed a fire giant
  1579 | D        | Noticed a fire giant
  1580 | D        | Killed a fire giant
  1581 | D        | Reached skill level 1 in Invocations
  1581 | D        | Reached XP level 12. HP: 40/70 MP: 27/33
  1582 | D        | Killed a fire giant
  1585 | D        | Killed a fire giant
  1586 | D        | Reached skill level 15 in Dodging
  1588 | D        | Killed a fire giant
  1609 | D        | Found the +4 dragonskin cloak
  1609 | D        | Noticed Tiamat
  1702 | D        | Killed a demonic crawler
  1958 | D        | Bought a gold wand for 104 gold pieces
  1960 | D        | Bought 2 potions of enlightenment for 120 gold pieces
  1969 | D        | Bought smouldering shadow dragon scales for 1785 gold
                  | pieces
  1969 | D        | Identified the +5 shadow dragon scales "Winoat" {Str+4
                  | Stlth++++} (You bought it in a shop in the Dungeon)
  2079 | D        | Got the Orb of Zot
  2151 | D        | Escaped with the Orb!

Illustrated notes

Levels and vault maps discovered:
D:        dungeon_sprint_1 [red_sonja_temple_1, red_sonja_temple_small_1]

Skill      XL: |  1  2  3  4  5  6  7  8  9 10 11 12 |
---------------+-------------------------------------+-----
Fighting       | 2 3 4 5 6 7 8 11 | 11.8
Short Blades   | 3 4 5 7 8 9 11 14 | 14.1
Stealth        | 9 13 16 20 22 25 27 | 27.0
Dodging        | 2 3 4 6 8 14 15 | 15.7
Spellcasting   | 5 11 16 17 | 17.5
Invocations    | 1 |  1.5
Throwing       | |  2.5

Action                     |  1- 3 |  4- 6 |  7- 9 | 10-12 || total
---------------------------+-------+-------+-------+-------++-------
  Melee: Dagger            |    13 |     4 |     9 |       ||    26
         Short sword       |       |       |     1 |   171 ||   172
         Punch             |       |       |       |     1 ||     1
 Invoke: Shadow Step       |       |       |       |     2 ||     2
  Evoke: Wand              |       |       |       |     1 ||     1
    Use: Potion            |     1 |       |       |     2 ||     3
         Scroll            |       |       |       |     1 ||     1
   Stab: Sleeping          |     1 |     4 |    10 |    32 ||    47
         Distracted        |       |       |       |     2 ||     2
         Confused          |       |       |       |     1 ||     1
 Armour: Robe              |     3 |     2 |       |    54 ||    59
  Dodge: Dodged            |     7 |       |       |   110 ||   117

Table legend: (Time is in decaauts)
 A = Elapsed time spent in this place.
 B = Non-inter-level travel time spent in this place.
 C = Inter-level travel time spent in this place.
 D = Time resting spent in this place.
 E = Time spent auto-exploring this place.
 F = Levels seen in this place.
 G = Mean time per level.
                   A        B        C        D        E       F      G
               +--------+--------+--------+--------+--------+-----+--------+
         Total |   1691 |   1690 |      1 |    615 |    202 |   1 | 1691.0 |
       Dungeon |   1691 |   1690 |      1 |    615 |    202 |   1 | 1691.0 |
               +--------+--------+--------+--------+--------+-----+--------+

Top non-repeatable levels by time:
       D: 1691 daAuts
